 Dungeon Crawl Stone Soup version 0.27.1-37-g7b29ead8ac (webtiles) character file.

Game seed: 12375670524742674903

40 cbfl8 the Skirmisher (level 3, 0/33 HPs)
             Began as a Minotaur Fighter on May 1, 2023.
             Succumbed to an adder's poison
             ... on level 2 of the Dungeon.
             The game lasted 00:01:34 (833 turns).

cbfl8 the Skirmisher (Minotaur Fighter)              Turns: 833, Time: 00:01:35

Health: 0/33       AC:  7    Str: 17 (20) XL:     3   Next: 30%
Magic:  2/2        EV:  7    Int:  4 (5)  God:
Gold:   59         SH:  8    Dex:  7 (10) Spells: 2/2 levels left

rFire    . . .     SeeInvis .   a - +0 war axe
rCold    . . .     Faith    .   c - +0 kite shield
rNeg     . . .     Spirit   .   b - +0 scale mail
rPois    .         Reflect  .   (helmet restricted)
rElec    .         Harm     .   (no cloak)
rCorr    .         Rampage  .   (no gloves)
Will     .....                  (no boots)
Stlth    ..........             (no amulet)
HPRegen  0.11/turn              (no ring)
MPRegen  0.08/turn              (no ring)

@: mighty, lethally poisoned (0 -> -1)
A: horns 2, retaliatory headbutt
a: no special abilities


You were on level 2 of the Dungeon.
You visited 1 branch of the dungeon, and saw 2 of its levels.

You collected 59 gold pieces.

Inventory:

Hand Weapons
 a - a +0 war axe (weapon)
Armour
 b - a +0 scale mail (worn)
 c - a +0 kite shield (worn)
Scrolls
 e - a scroll of identify
 f - 2 scrolls of enchant weapon {unknown}
 h - a scroll of amnesia {unknown}


   Skills:
 + Level 4.1 Fighting
 + Level 3.0 Axes
 + Level 4.0 Armour
 * Level 0.6 Dodging
 * Level 0.1 Stealth
 + Level 4.0 Shields
 * Level 0.1 Invocations


You had 2 spell levels left.
You didn't know any spells.
Your spell library was empty.

Dungeon Overview and Level Annotations

Branches:
Dungeon (2/15)

Altars:


Innate Abilities, Weirdness & Mutations

You have a pair of horns on your head.
You reflexively headbutt those who attack you in melee.


Message History

You feel sick. The adder barely misses you.
The adder bites you but does no damage.
You miss the adder. Your headbutt misses the adder.
The adder is severely wounded.
You feel sick.
You are no longer poisoned.
The adder bites you but does no damage.
Your shield and scale mail prevent you from hitting the adder.
Your headbutt misses the adder.
The adder is severely wounded.
The adder bites you but does no damage. x2
You hit the adder but do no damage.
The adder is severely wounded.
You block the adder's attack. The adder bites you but does no damage.
The adder bites you.
* * * LOW HITPOINT WARNING * * *
You are lethally poisoned!
The adder poisons you!
It was a potion of degeneration.
There was something very wrong with that liquid.
You feel weakened.
You feel dopey.
You feel clumsy.
* * * LOW HITPOINT WARNING * * *
You feel sick. The adder closely misses you.
You feel very mighty all of a sudden.
* * * LOW HITPOINT WARNING * * *
You feel sick. You block the adder's attack.
You slash the adder!
You kill the adder!
* * * LOW HITPOINT WARNING * * *
You feel sick.
Your Axes skill increases to level 3!
Your Armour skill increases to level 4!
* * * LOW HITPOINT WARNING * * *
You feel sick.
As you read the scroll labelled MEAWNY JEANURGH, it crumbles to dust.
It is a scroll of identify.
Okay, then.
* * * LOW HITPOINT WARNING * * *
You feel sick.
Unknown command.
You die...

##.# ### ...# #.. #..#
#.# #..# #.# #.. #.# #.#
#.##########.### ##.
...............#####.....
#.##########....@........
#.####### #..###..##<####
.............# #.....
#.###..####..# #.###.#
#.# # ##.. ..# # ...
#.##.## ..## #.##. ### ..
#.


There were no monsters in sight!

Vanquished Creatures
  An adder (D:2)
  3 bats (D:1)
  4 endoplasms (D:1)
  4 giant cockroaches (D:1)
  A hobgoblin (D:1)
  3 jackals (D:1)
  A quokka (D:2)
  4 ball pythons (D:1)
  A frilled lizard (D:1)
  2 goblins (D:1)
  2 kobolds (D:1)
  2 rats (D:1)
28 creatures vanquished.

Notes
Turn   | Place    | Note
-------+----------+-------------------------------------------
     0 | D:1      | cbfl8 the Minotaur Fighter began the quest for the Orb.
     0 | D:1      | Reached XP level 1. HP: 19/19 MP: 0/0
   225 | D:1      | Reached XP level 2. HP: 27/27 MP: 1/1
   259 | D:1      | Found a faded altar of an unknown god.
   617 | D:1      | Reached XP level 3. HP: 32/33 MP: 2/2
   831 | D:2      | HP: 1/33 [poisoned by an adder]
   833 | D:2      | Succumbed to an adder's poison

Illustrated notes

Levels and vault maps discovered:
D:1:      amcnicky_arrival_choice, layout_loops_ring,
          shapermc_ecumenical_altar_pompeii
D:2:      layout_loops_ring, uniq_natasha

Skill      XL: |  1  2  3 |
---------------+----------+-----
Fighting       | 4 |  4.1
Shields        | 4 |  4.0
Axes           | 3 |  3.0
Armour         | 4 |  4.0
Dodging        | |  0.6
Stealth        | |  0.1
Invocations    | |  0.1

Action                   || total
-------------------------++-------
Melee: War axe           ||    86
       Headbutt          ||     8
  Use: Potion            ||     2
       Scroll            ||     1
Armor: Scale mail        ||    51
Dodge: Dodged            ||    24
Block: Kite shield       ||    40
